 Dungeon Crawl Stone Soup version 0.30-a0-596-g0af90f9a20 (webtiles) character file.

Game seed: 9462349930905722569

102344 bmack86 the Warrior (level 15, -4/142 (145) HPs)
             Began as a Minotaur Fighter on Jan 6, 2023.
             Was a High Priest of Okawaru.
             Succumbed to poison (dark miasma)
             ... in a Gauntlet.
             The game lasted 01:11:10 (19323 turns).

bmack86 the Warrior (Minotaur Fighter)             Turns: 19323, Time: 01:11:10

HP:   -4/142 (145)  AC: 26    Str: 27    XL:     15   Next: 85%
MP:   19/19         EV:  6    Int:  7    God:    Okawaru [*****.]
Gold: 1591          SH: 19    Dex: 11    Spells: 14/14 levels left

rFire   . . .      SeeInvis .    D - +5 broad axe (elec)
rCold   . . .      Faith    .    b - +1 tower shield
rNeg    . . .      Spirit   .    G - +4 plate armour
rPois   +          Reflect  .    (helmet restricted)
rElec   +          Harm     .    x - +2 cloak {Stlth+}
rCorr   +          Rampage  .    P - +0 pair of gloves "Moewkel" {rElec rCorr}
Will    +....      NoTele   +    Q - +0 pair of boots Stlth
                                 L - amulet of regeneration
HPRegen 1.23/turn                A - ring of poison resistance
MPRegen 0.16/turn                J - ring "Arghaise" {rCorr Int+2 Slay+2}

@: lethally poisoned (-4 -> -29), slowed, studying Short Blades, lightly
drained, very slow
A: horns 2, retaliatory headbutt
a: Renounce Religion, Heroism, Finesse, Duel


You were in a Gauntlet.
You worshipped Okawaru.
Okawaru was extremely pleased with you.
You visited 3 branches of the dungeon, and saw 20 of its levels.
You also visited: Ossuary, Bailey, Gauntlet and Volcano.

You collected 1823 gold pieces.
You spent 232 gold pieces at shops.

Inventory:

Hand Weapons
 a - a +1 war axe
 D - a +5 broad axe of electrocution (weapon)
 H - a +5 battleaxe
Missiles
 w - 9 poisoned darts
 I - a boomerang
 O - 2 silver javelins (quivered)
Armour
 b - a +1 tower shield (worn)
 c - a +0 buckler
 t - a +1 chain mail of cold resistance
 x - a +2 cloak of stealth (worn)
 G - a +4 plate armour (worn)
 P - the +0 pair of gloves "Moewkel" (worn) {rElec rCorr}
   (You found it on level 11 of the Dungeon)

   rElec:     It insulates you from electricity.
   rCorr:     It protects you from acid and corrosion.
 Q - a +0 pair of boots (worn)
Jewellery
 j - an amulet of magic regeneration
 o - an amulet of reflection
 p - a ring of fire
 y - a ring of magical power
 z - a ring of wizardry
 A - a ring of poison resistance (left hand)
 B - a ring of ice
 J - the ring "Arghaise" (right hand) {rCorr Int+2 Slay+2}
   (You acquired it on level 2 of the Lair of Beasts)

   [ring of resist corrosion]

   Int:       It affects your intelligence (+2).
   Slay:      It affects your accuracy & damage with ranged weapons and melee
   (+2).
   rCorr:     It protects you from acid and corrosion.
 L - an amulet of regeneration (around neck)
 M - a +6 ring of strength
 R - a ring of willpower
 T - a ring of fire
Wands
 C - a wand of flame (17)
Scrolls
 k - 5 scrolls of fog
 F - 6 scrolls of fear
 K - 10 scrolls of teleportation
 N - 5 scrolls of identify
Potions
 d - 5 potions of might
 e - 3 potions of heal wounds
 f - a potion of ambrosia
 g - 11 potions of curing
 h - 3 potions of mutation
 i - a potion of attraction
 l - 5 potions of brilliance
 m - 4 potions of degeneration
 n - 4 potions of invisibility
 q - 6 potions of haste
 r - 3 potions of flight
 s - 2 potions of magic
 u - 5 potions of resistance
 v - 4 potions of lignification
 E - 2 potions of berserk rage
 S - a potion of cancellation


   Skills:
 * Level 16.7 Fighting
 * Level 16.5 Axes
 + Level 7.2 Throwing
 + Level 12.9 Armour
 * Level 16.3 Shields
 + Level 7.2 Invocations


You had 14 spell levels left.
You didn't know any spells.
Your spell library contained the following spells:

 Spells                   Type           Power      Damage    Failure   Level
 Apportation              Tloc           0%         N/A       100%        1
 Freeze                   Ice            0%         1d3       100%        1
 Magic Dart               Conj           0%         1d3       100%        1
 Shock                    Conj/Air       0%         1d3       100%        1
 Sting                    Tmut/Pois      0%         1d3       100%        1
 Blink                    Tloc           0%         N/A       100%        2
 Ensorcelled Hibernation  Hex/Ice        0%         N/A       100%        2
 Momentum Strike          Conj/Tloc      0%         3d8       100%        2
 Passwall                 Tmut/Erth      0%         N/A       100%        2
 Poisonous Vapours        Pois/Air       0%         N/A       100%        2
 Static Discharge         Conj/Air       0%         2-2/arc   100%        2
 Frozen Ramparts          Ice            0%         1d1       100%        3
 Hailstorm                Conj/Ice       0%         3d3       100%        3
 Kindle Blastsparks       Fire/Tloc/Air  0%         2d10      100%        3
 Lesser Beckoning         Tloc           0%         N/A       100%        3
 Mephitic Cloud           Conj/Pois/Air  0%         N/A       100%        3
 Ozocubu's Armour         Ice            0%         N/A       100%        3
 Swiftness                Air            0%         N/A       100%        3
 Anguish                  Hex/Necr       0%         N/A       100%        4
 Olgreb's Toxic Radiance  Pois           0%         N/A       100%        4
 Alistair's Intoxication  Tmut/Pois      0%         N/A       100%        5
 Arcjolt                  Conj/Air       0%         1d10      100%        5
 Metabolic Englaciation   Hex/Ice        0%         N/A       100%        5
 Silence                  Hex/Air        0%         N/A       100%        5
 Yara's Violent Unravell  Hex/Tmut       0%         3d3       100%        5
 Conjure Ball Lightning   Conj/Air       0%         3x3d6     100%        6
 Enfeeble                 Hex            0%         N/A       100%        7
 Discord                  Hex            0%         N/A       100%        8
 Disjunction              Tloc           0%         N/A       100%        8
 Summon Small Mammal      Summ           Unusable   N/A       N/A         1
 Call Imp                 Summ           Unusable   N/A       N/A         2
 Call Canine Familiar     Summ           Unusable   N/A       N/A         3
 Summon Guardian Golem    Hex/Summ       Unusable   N/A       N/A         3
 Simulacrum               Ice/Necr       Unusable   N/A       N/A         6

Dungeon Overview and Level Annotations

Branches:
Dungeon (14/15)            Temple (1/1) D:5            Lair (5/5) D:8
 Shoals (0/4) Lair:2       Spider (0/4) Lair:2        Slime (0/5) Lair:5
    Orc (0/2) D:11         Vaults (0/5) D:13        Ossuary (visited)
 Bailey (visited)         Volcano (visited)         Gauntlet (1/1)

Altars:
Ashenzari
Cheibriados
Dithmenos
Elyvilon
Fedhas
Gozag
Hepliaklqana
Kikubaaqudgha
Makhleb
Nemelex Xobeh
Okawaru
Qazlal
Ru
Sif Muna
Trog
Uskayaw
Vehumet
Wu Jian
Xom
Yredelemnul
Zin
The Shining One
Jiyva

Shops:
D:11 (**(   D:14 (

Annotations:
Lair:3 exclusion: ice statue Gauntlet 9 transporters


Innate Abilities, Weirdness & Mutations

You have a pair of horns on your head.
You reflexively headbutt those who attack you in melee.


Message History

The death drake bites you but does no damage.
The spectral centaur warrior hits you but does no damage.
The spectral centaur warrior kicks you but does no damage.
You slash the spectral centaur warrior!
You headbutt the spectral centaur warrior, but do no damage.
The spectral centaur warrior is moderately damaged.
You slash the death drake!
Lightning courses through the death drake!
You are engulfed in dark miasma.
You feel as though you will be slow longer.
* * * LOW HITPOINT WARNING * * *
You feel sick. You block the death drake's attack.
The spectral centaur warrior hits you but does no damage.
You block the spectral centaur warrior's attack.
The death drake bites you but does no damage.
The spectral centaur warrior hits you but does no damage.
The spectral centaur warrior barely misses you.
You hit the death drake.
You kill the death drake!
Okawaru accepts your kill.
You slash the spectral centaur warrior!
You are engulfed in dark miasma.
* * * LOW HITPOINT WARNING * * *
You feel sick. The spectral centaur warrior hits you.
* * * LOW HITPOINT WARNING * * *
You feel drained.
You block the spectral centaur warrior's attack.
The spectral centaur warrior hits you.
* * * LOW HITPOINT WARNING * * *
You feel drained.
* * * LOW HITPOINT WARNING * * *
The spectral centaur warrior kicks you but does no damage.
You slice the spectral centaur warrior!!
Lightning courses through the spectral centaur warrior!
You headbutt the spectral centaur warrior.
You destroy the spectral centaur warrior!
Okawaru accepts your kill.
You are engulfed in dark miasma.
You are lethally poisoned!
* * * LOW HITPOINT WARNING * * *
You die...

#..........................
###..###########...##########
#8#..#...)©[)..#...#...=©).53
###..##.##.##.##...#.#.....#5
#..##.##.##..#...#..#####..
###..#........##...#..##.##..
#8#..#.##.##.###...#....©....
###..#.##.##©###...#..##3##..
#..#..#...@†.#...#..#####..
###..###.##.##.#...#5#.....#.
#8#..###.##.##.#...#55.......
###..###########...##########
#.....#.©.#....≈...........
###...8.#...#...§8≈..........
#8#.....#.©.#....≈...........
###..###########...##########
#..#..≈.©..≈.#...#....©.$..


There were no monsters in sight!

Vanquished Creatures
  An azure jelly (Lair:4)
  An orc warlord (Bailey)
  4 hydras
  A catoblepas (Lair:5)
  5 boulder beetles
  8 two-headed ogres
  A hell hog (Volcano)
  A deep troll shaman (Lair:5)
  A tengu warrior (D:13)
  6 death yaks (Lair:5)
  3 skeletal warriors (D:13)
  A death drake (Gauntlet)
  An orc knight (Bailey)
  2 lindwurms
  A wizard (D:13)
  A deep elf pyromancer (D:12)
  A necromancer (D:13)
  7 cyclopes
  The ghost of omnomnOMINOUS the Trooper, a novice OpWn of Ru (D:7)
  2 manticores
  A merfolk siren (Lair:2)
  2 spectral centaurs (Gauntlet)
  24 elephants
  10 cane toads
  A torpor snail (Lair:5)
  An apocalypse crab (Gauntlet)
  Maggie (D:7)
  The ghost of OTABOTABOTAB the Poker, a novice MfIE (D:5)
  A gargoyle (D:12)
  8 komodo dragons
  2 rime drakes
  A kobold demonologist (D:5)
  A tengu conjurer (D:13)
  9 trolls
  6 polar bears
  A hornet (D:9)
  10 blink frogs
  2 shadows (D:11)
  12 slime creatures
  A water elemental (D:13)
  2 vampires
  2 fire bats (Volcano)
  An unseen horror simulacrum (D:7)
  A wraith (D:8)
  6 basilisks
  31 yaks
  6 wyverns
  Menkaure (D:7)
  3 vampire mosquitoes
  2 acid dragons
  17 water moccasins
  A hell hound (Volcano)
  14 orc warriors
  5 ice beasts (Lair:3)
  A hornet zombie (Gauntlet)
  3 black bears
  28 wolves
  2 ogres
  13 centaurs
  4 bullfrogs
  2 elf zombies (D:4)
  A necrophage (D:4)
  2 gnoll sergeants
  An elf skeleton (D:4)
  8 scorpions
  9 wights
  18 killer bees
  2 howler monkeys
  4 electric eels (D:13)
  7 hounds
  A centaur zombie (D:7)
  9 jellies
  A human zombie (D:4)
  5 orc priests
  A spectral boggart (Gauntlet)
  Crazy Yiuf (D:3)
  2 human skeletons (D:4)
  3 iguanas
  Ijyb (D:3)
  13 orc wizards
  4 hell rats (Lair:5)
  A hound zombie (D:5)
  8 mummies (Ossuary)
  A howler monkey zombie (D:5)
  A howler monkey skeleton (D:7)
  16 gnolls
  16 adders
  3 white imps
  An ufetubus (D:4)
  3 worms
  A dart slug (D:4)
  45 orcs
  6 endoplasms
  A giant cockroach (D:1)
  A gnoll zombie (Ossuary)
  10 goblins
  20 hobgoblins
  8 jackals
  8 kobolds
  4 quokkas
  7 ball pythons
  8 bats
  6 frilled lizards
  2 hobgoblin zombies (Ossuary)
  2 kobold zombies (Ossuary)
  3 orc zombies (Ossuary)
  7 rats
  A butterfly (Lair:3)
572 creatures vanquished.

Vanquished Creatures (others)
  3 demonic plants (Gauntlet)
  7 fungi
  36 plants
46 creatures vanquished.

Grand Total: 618 creatures vanquished

Notes
Turn   | Place    | Note
-------+----------+-------------------------------------------
     0 | D:1      | bmack86 the Minotaur Fighter began the quest for the Orb.
     0 | D:1      | Reached XP level 1. HP: 19/19 MP: 0/0
    25 | D:1      | Reached XP level 2. HP: 19/27 MP: 1/1
   517 | D:1      | Reached XP level 3. HP: 33/33 MP: 2/2
  1133 | D:2      | Reached XP level 4. HP: 41/41 MP: 3/3
  1743 | D:3      | Reached skill level 5 in Fighting
  1743 | D:3      | Reached XP level 5. HP: 41/48 MP: 4/4
  1797 | D:3      | Noticed Ijyb
  1816 | D:3      | HP: 2/48 [Ijyb/+0 club (3)]
  1819 | D:3      | Killed Ijyb
  2157 | D:3      | Found a runed translucent door.
  2158 | D:3      | Noticed Crazy Yiuf
  2401 | D:3      | Killed Crazy Yiuf
  2544 | D:4      | Reached XP level 6. HP: 55/55 MP: 5/5
  2576 | D:4      | Reached skill level 5 in Axes
  2610 | D:4      | Reached skill level 5 in Shields
  2612 | D:4      | Found an opulent altar of Gozag.
  2769 | D:4      | Reached skill level 5 in Armour
  2769 | D:4      | Reached XP level 7. HP: 57/63 MP: 6/6
  2798 | D:4      | Found a sand-covered staircase.
  2808 | Ossuary  | Entered an ossuary
  3430 | D:4      | Found a shimmering blue altar of Sif Muna.
  3584 | D:5      | Entered Level 5 of the Dungeon
  3702 | D:5      | Reached XP level 8. HP: 62/73 MP: 7/7
  3799 | D:5      | Noticed a kobold demonologist
  3820 | D:5      | Killed a kobold demonologist
  4081 | D:5      | Found a staircase to the Ecumenical Temple.
  4086 | Temple   | Entered the Ecumenical Temple
  4299 | D:5      | Found a runed translucent gate.
  4299 | D:5      | Found a runed translucent gate.
  4299 | D:5      | Found a runed translucent gate.
  4299 | D:5      | Noticed OTABOTABOTAB's ghost (novice MfIE)
  4502 | D:5      | Found a basalt altar of Yredelemnul.
  4526 | D:5      | Killed OTABOTABOTAB's ghost
  4696 | D:6      | Found an ornate altar of the Wu Jian Council.
  4698 | D:6      | Identified the +2 scale mail of Proximity {Dex+3}
  5019 | D:6      | Reached XP level 9. HP: 83/83 MP: 8/8
  5155 | D:6      | Found a sacrificial altar of Ru.
  5323 | D:6      | Found an iron altar of Okawaru.
  5326 | D:6      | Became a worshipper of Warmaster Okawaru
  5553 | D:7      | Found a glowing golden altar of the Shining One.
  5562 | D:7      | Noticed Menkaure
  5575 | D:7      | Killed Menkaure
  5719 | D:7      | Reached * piety under Okawaru
  5850 | D:7      | Found a glowing silver altar of Zin.
  5912 | D:7      | Found a runed translucent gate.
  6034 | D:7      | Noticed Maggie
  6043 | D:7      | Reached skill level 10 in Fighting
  6054 | D:7      | Killed Maggie
  6055 | D:7      | Reached skill level 10 in Axes
  6062 | D:7      | Reached ** piety under Okawaru
  6690 | D:7      | Found a runed translucent gate.
  6692 | D:7      | Found a runed translucent gate.
  6694 | D:7      | Noticed omnomnOMINOUS's ghost (novice OpWn)
  6926 | D:7      | Reached XP level 10. HP: 87/94 MP: 9/9
  7129 | D:7      | Killed omnomnOMINOUS's ghost
  7130 | D:7      | Reached skill level 1 in Throwing
  7130 | D:7      | Reached skill level 1 in Invocations
  7428 | D:8      | Noticed a two-headed ogre
  7439 | D:8      | Killed a two-headed ogre
  8034 | D:8      | Reached *** piety under Okawaru
  8145 | D:8      | Found a hazy altar of Hepliaklqana.
  8147 | D:8      | Found a shimmering altar of Xom.
  8628 | D:8      | Found a staircase to the Lair.
  9378 | D:9      | Reached **** piety under Okawaru
  9417 | D:9      | Reached XP level 11. HP: 90/104 MP: 12/12
  9663 | D:10     | Entered Level 10 of the Dungeon
  9936 | D:10     | Found a flagged portal.
 10121 | Bailey   | Entered a bailey
 10241 | Bailey   | Noticed an orc knight
 10258 | Bailey   | Killed an orc knight
 10405 | Bailey   | Noticed an orc warlord
 10425 | Bailey   | Killed an orc warlord
 10425 | Bailey   | Received a gift from Okawaru
 10426 | Bailey   | Reached skill level 10 in Shields
 10675 | Bailey   | Reached skill level 10 in Armour
 10675 | Bailey   | Reached XP level 12. HP: 113/113 MP: 13/13
 11440 | Lair:1   | Entered Level 1 of the Lair of Beasts
 11560 | Lair:1   | Reached ***** piety under Okawaru
 12331 | Lair:2   | Identified a scroll of acquirement
 12331 | Lair:2   | Acquired the ring "Arghaise" {rCorr Int+2 Slay+2}
 12394 | Lair:2   | Found a hole to the Spider Nest.
 12589 | Lair:2   | Reached XP level 13. HP: 122/123 MP: 15/15
 12834 | Lair:2   | Found a staircase to the Shoals.
 12843 | Lair:2   | Received a gift from Okawaru
 13328 | Lair:3   | Reached skill level 5 in Throwing
 13332 | Lair:3   | Reached skill level 5 in Invocations
 13945 | Lair:3   | Found a dark tunnel.
 13953 | Volcano  | Entered a volcano
 14165 | Volcano  | Received a gift from Okawaru
 14219 | Volcano  | Reached skill level 15 in Fighting
 14219 | Volcano  | Reached XP level 14. HP: 135/135 MP: 17/17
 14824 | Lair:4   | Reached skill level 15 in Axes
 14839 | Lair:4   | Found a sacrificial altar of Ru.
 15020 | Lair:4   | Noticed an azure jelly
 15031 | Lair:4   | Killed an azure jelly
 15093 | Lair:4   | Identified the +2 robe of Least Resistance {Harm Will-
                  | rCorr Int+6}
 15109 | Lair:4   | Identified the +2 robe of Jurr {Dex+3}
 15495 | Lair:5   | Entered Level 5 of the Lair of Beasts
 15517 | Lair:5   | Reached skill level 15 in Shields
 15541 | Lair:5   | Reached XP level 15. HP: 119/141 MP: 18/18
 15587 | Lair:4   | Identified the +3 demon trident of Arphoz {freeze, rElec
                  | Int+2} (Okawaru gifted it to you on level 4 of the Lair of
                  | Beasts)
 15587 | Lair:4   | Received a gift from Okawaru
 16100 | Lair:5   | Found a viscous altar of Jiyva.
 16101 | Lair:5   | Found a staircase to the Slime Pits.
 16577 | Lair:5   | Got the Spellbook of Morality
 17035 | D:11     | Found Bobbiess's Assorted Antiques.
 17045 | D:11     | Identified the +0 pair of gloves "Moewkel" {rElec rCorr}
 17053 | D:11     | Bought a scroll of enchant weapon for 232 gold pieces
 17075 | D:11     | Found Ynot's Weapon Boutique.
 17222 | D:11     | Found a staircase to the Orcish Mines.
 17417 | D:11     | Found Penoeb's Weapon Emporium.
 17488 | D:11     | Received a gift from Okawaru
 17529 | D:11     | Found Tut Vadaotel's General Store.
 17976 | D:12     | Received a gift from Okawaru
 18560 | D:13     | Found a gate to the Vaults.
 18599 | D:13     | Received a gift from Okawaru
 18977 | D:13     | You fall into a shaft and drop 1 floor!
 18977 | D:14     | Found Othuatz's Antique Weapon Shop.
 18981 | D:14     | Found a gate leading to a gauntlet.
 19020 | Gauntlet | Entered a Gauntlet
 19020 | Gauntlet | Found a transporter.
 19020 | Gauntlet | Found a transporter.
 19020 | Gauntlet | Found a transporter.
 19020 | Gauntlet | Found a transporter.
 19051 | Gauntlet | Found a transporter.
 19061 | Gauntlet | Found a transporter.
 19071 | Gauntlet | Found the +8 autumn katana {manifold assault}
 19083 | Gauntlet | Found a transporter.
 19089 | Gauntlet | Found a transporter.
 19097 | Gauntlet | Found a transporter.
 19115 | Gauntlet | Found a transporter.
 19128 | Gauntlet | Found a transporter.
 19148 | Gauntlet | Found a transporter.
 19323 | Gauntlet | HP: 5/142 [something (11)]
 19323 | Gauntlet | Succumbed to poison (dark miasma)

Illustrated notes

Levels and vault maps discovered:
D:1:      onia_arrival_handbag, layout_loops_ring
D:2:      minmay_diamond_boxcup, layout_basic, minmay_tall_x
D:3:      layout_rooms, uniq_crazy_yiuf_cottage, uniq_ijyb
D:4:      layout_basic, lemuel_crystal_altar, grunt_gozag_breadcrumbs,
          nicolae_ossuary_entry_catacombs
D:5:      layout_loops_cross, nicolae_yredelemnul_ghost_church,
          minmay_temple_entry_steel_oval
D:6:      layout_loops_cross, mainiacjoe_overflow_boulevard, kennysheep_mini,
          general_overflow_altar
D:7:      nicolae_cairo_tiling_large_dashed, layout_layer_cave,
          amcnicky_altar_gilded, mainiacjoe_overflow_catwalk,
          gammafunk_ghost_necromancy, uniq_menkaure, uniq_maggie
D:8:      layout_basic, regret_index_temple_of_mockery, david_lair_shrubbed,
          grunt_ministairs_14
D:9:      layout_basic
D:10:     layout_long_grid, enter_bailey_6, minmay_liquid_box
D:11:     layout_rooms, orc_0_dummy, serial_shops, kennysheep_little_box,
          nicolae_stop_n_shop_1, nicolae_lakefront_shop, shop, minmay_bent
D:12:     layout_irregular_city
D:13:     layout_roguey, david_vaults_1, abandoned_shop,
          small_statue_intersection, kennysheep_boxes
D:14:     layout_long_grid, gauntlet_entry_generic, serial_shops,
          nicolae_shop_bloodbath_and_beyond, shop, shop, shop_fountains,
          chequers_serial_rivers_marsh
Temple:   nicolae_temple_hex_pool
Lair:1:   layout_regular_city
Lair:2:   layout_cellular_growth, elwin_shoals_entry_rooms,
          nicolae_spider_entry_non_spiders
Lair:3:   layout_gridlike, nicolae_volcano_entry_vermiform, ice2_lemuel,
          lemuel_fruit_fields
Lair:4:   layout_gridlike, basic_altar, nicolae_lair_time_for_slime
Lair:5:   grunt_lair_end_beastmaster, layout_small_grid,
          dpeg_slime_entry_corner, small_statue_intersection
Gauntlet: gammafunk_gauntlet_shortcut [nicolae_gauntlet_arena_flowing_pool,
          gammafunk_gauntlet_arena_crates, nicolae_gauntlet_arena_t_cross,
          gammafunk_gauntlet_arena_chambers, gammafunk_gauntlet_arena_mazey,
          nicolae_gauntlet_arena_blocks, gauntlet_exit_hidden_loot]

Skill      XL: |  1  2  3  4  5  6  7  8  9 10 11 12 13 14 15 |
---------------+----------------------------------------------+-----
Fighting       | 4 5 6 7 9 10 11 12 13 15 16 | 16.7
Axes           | 3 4 5 6 8 10 11 12 13 14 15 16 | 16.5
Shields        | 4 5 6 7 9 11 12 14 15 16 | 16.3
Armour         | 4 5 6 7 8 10 11 12 | 12.9
Throwing       | 2 3 4 5 6 7 |  7.2
Invocations    | 2 3 4 5 6 7 |  7.2

Action                   |  1- 3 |  4- 6 |  7- 9 | 10-12 | 13-15 || total
-------------------------+-------+-------+-------+-------+-------++-------
Melee: War axe           |    58 |   133 |   296 |    21 |       ||   508
       Headbutt          |     5 |     9 |    53 |    73 |   189 ||   329
       Broad axe         |       |       |       |   400 |   574 ||   974
Throw: Dart              |       |       |       |     3 |     5 ||     8
       Javelin           |       |       |       |       |     7 ||     7
Invok: Heroism           |       |       |     1 |     7 |    12 ||    20
       Finesse           |       |       |       |       |     6 ||     6
  Use: Scroll            |       |     9 |     9 |    19 |     4 ||    41
       Potion            |       |     1 |     1 |     1 |    12 ||    15
 Stab: Petrified         |       |       |       |       |     2 ||     2
Armor: Scale mail        |    29 |    43 |       |       |       ||    72
       Chain mail        |       |    62 |   157 |   107 |       ||   326
       Plate armour      |       |       |       |   128 |   604 ||   732
Dodge: Dodged            |    26 |    56 |   104 |   158 |   265 ||   609
Block: Buckler           |    12 |    55 |   150 |   240 |   228 ||   685
       Reflection        |       |       |     7 |     5 |       ||    12
       Tower shield      |       |       |       |       |   232 ||   232

Table legend: (Time is in decaauts)
 A = Elapsed time spent in this place.
 B = Non-inter-level travel time spent in this place.
 C = Inter-level travel time spent in this place.
 D = Time resting spent in this place.
 E = Time spent auto-exploring this place.
 F = Levels seen in this place.
 G = Mean time per level.
                   A        B        C        D        E       F      G
               +--------+--------+--------+--------+--------+-----+--------+
         Total |  19360 |  18503 |    857 |   1039 |  10650 |  24 |  806.7 |
       Dungeon |  12739 |  12138 |    601 |    602 |   7705 |  14 |  909.9 |
        Temple |     92 |     73 |     19 |      0 |     62 |   1 |   92.0 |
          Lair |   5119 |   4883 |    236 |    298 |   2662 |   5 | 1023.8 |
       Ossuary |    258 |    258 |      0 |     36 |      0 |   1 |  258.0 |
        Bailey |    568 |    568 |      0 |     22 |    221 |   1 |  568.0 |
       Volcano |    280 |    280 |      0 |     81 |      0 |   1 |  280.0 |
      Gauntlet |    301 |    301 |      0 |      0 |      0 |   1 |  301.0 |
               +--------+--------+--------+--------+--------+-----+--------+

Top non-repeatable levels by time:
     D:7: 1671 daAuts
     D:8: 1656 daAuts
  Lair:5: 1192 daAuts
  Lair:3: 1191 daAuts
    D:10: 1120 daAuts
  Lair:2: 999 daAuts
     D:5: 996 daAuts
     D:9: 982 daAuts
     D:3: 920 daAuts
  Lair:1: 911 daAuts
     D:4: 896 daAuts
     D:2: 850 daAuts
     D:6: 849 daAuts
  Lair:4: 824 daAuts
    D:12: 803 daAuts
